 Dungeon Crawl Stone Soup version 0.23.0-3-gf3c87f2 (webtiles) character file.

Game seed: 8834080713136566075

61 scarywalker64 the Magician (level 4, 0/25 HPs)
             Began as a Gargoyle Wizard on Feb 21, 2019.
             Killed from afar by a dart slug (6 damage)
             ... with a slug dart
             ... on level 2 of the Dungeon on Feb 22, 2019.
             The game lasted 00:07:22 (1709 turns).

scarywalker64 the Magician (Gargoyle Wizard)        Turns: 1709, Time: 00:07:22

Health: 0/25       AC:  6    Str: 10    XL:     4   Next: 7%
Magic:  4/9        EV: 12    Int: 20    God:
Gold:   65         SH:  0    Dex:  8    Spells: 9/10 levels left

rFire    . . .     SeeInvis .   r - +0 spear
rCold    . . .     Gourm    +   (no shield)
rNeg     + . .     Faith    .   a - +0 robe
rPois    ∞         Spirit   .   (no helmet)
rElec    +         Reflect  .   j - +0 cloak
rCorr    .         Harm     .   (no gloves)
MR       .....                  (no boots)
Stlth    ++........             k - amulet of the gourmand
HPRegen  0.08/turn              (no ring)
MPRegen  0.11/turn              (no ring)

@: no status effects
A: negative energy resistance 1, electricity resistance, unbreathing,
petrification resistance, rot immunity, AC +3
a: no special abilities


You were on level 2 of the Dungeon.
You were completely stuffed.

You visited 1 branch of the dungeon, and saw 2 of its levels.

You collected 65 gold pieces.

Inventory:

Hand Weapons
 r - a +0 spear (weapon)
 s - a +0 hunting sling
Missiles
 i - 40 sling bullets
 o - 28 arrows
Armour
 a - a +0 robe (worn)
 j - a +0 cloak (worn)
 l - a +0 shield
Jewellery
 k - an amulet of the gourmand (around neck)
Scrolls
 c - 4 scrolls of remove curse {unknown}
 h - a scroll of fear {unknown}
 m - a scroll of teleportation {unknown}
 n - 4 scrolls of identify {unknown}
 p - a scroll of enchant armour {unknown}
Potions
 f - 3 potions of haste {unknown}
 g - 2 potions of lignification {unknown}
 q - a potion of might {unknown}
Comestibles
 d - 6 rations


   Skills:
 * Level 1.0 Fighting
 + Level 0.4 Polearms
 + Level 2.2 Dodging
 + Level 2.2 Stealth
 * Level 3.9 Spellcasting
 + Level 1.1 Conjurations
   Level 0.8 Summonings
   Level 0.8 Translocations


You had 9 spell levels left.
You knew the following spells:

 Your Spells              Type           Power        Failure   Level  Hunger
a - Magic Dart            Conj           #...         9%          1    None

Your spell library contained the following spells:

 Spells                   Type           Power        Failure   Level  Hunger
 Blink                    Tloc           N/A          14%         2    ##.....
 Call Imp                 Summ           #.......     14%         2    ##.....
 Slow                     Hex            #.......     21%         2    ##.....
 Conjure Flame            Conj/Fire      #.......     30%         3    ###....
 Mephitic Cloud           Conj/Pois/Air  #.......     32%         3    ###....


Dungeon Overview and Level Annotations

Branches:
Dungeon (2/15)

Altars:
Ashenzari


Innate Abilities, Weirdness & Mutations

You are resistant to torment.
Your stone body is resilient. (AC +3)
You are immune to poison.
You resist negative energy. (rN+)
You are resistant to electric shocks. (rElec)
You can survive without breathing.
You are immune to petrification.
You are immune to rotting.


Message History

You start resting.
The dart slug is too close now for your liking.
Casting: Magic Dart (safe; 9% risk of failure)
Confirm with . or Enter, or press ? or * to list all spells.
Aiming: Magic Dart (safe; 9% risk of failure)
Press: ? - help, Shift-Dir - straight line, f - dart slug
Aim: a dart slug (clinging)
The magic dart hits the dart slug.
The dart slug is moderately wounded.
The dart slug bites you but does no damage.
Casting: Magic Dart (safe; 9% risk of failure)
Confirm with . or Enter, or press ? or * to list all spells.
Aiming: Magic Dart (safe; 9% risk of failure)
Press: ? - help, Shift-Dir - straight line, f/p - dart slug
Aim: a dart slug (moderately wounded, clinging)
The magic dart hits the dart slug.
The dart slug is heavily wounded.
The dart slug launches a dart at you. The slug dart hits you.
You die...

##....# ###########
#..##.####.#........ #
#......#....####### # .##
##.#.#......## ######## ..#
##..#.#.....# .......#
#.###.#.......#.# .#####.#
#.#.####.##....# #### #.#
#.#####.##.#### .).# #.#
#...@w..##'## ##.# #.#
#.#######...## .#.###.# ##.#
##.....## .......# ##..#
##.......##
.#.#.######...####.........#
.................+.........+
...#.######...####....÷....#
.###.# ##..# ##.......##
.###.# ##.# ##.....##


You could see a dart slug.

Vanquished Creatures
  2 adders (D:2)
  2 dart slugs
  3 leopard geckos
  4 bats
  A giant cockroach (D:2)
  6 goblins
  4 hobgoblins
  2 kobolds
  3 frilled lizards
  12 rats
39 creatures vanquished.

Notes
Turn   | Place    | Note
-------+----------+-------------------------------------------
     0 | D:1      | scarywalker64 the Gargoyle Wizard began the quest for the
                  | Orb.
     0 | D:1      | Reached XP level 1. HP: 10/10 MP: 4/4
   191 | D:1      | Reached XP level 2. HP: 7/15 MP: 6/6
  1066 | D:2      | Reached XP level 3. HP: 19/19 MP: 8/8
  1337 | D:2      | Found a shattered altar of Ashenzari.
  1646 | D:2      | Reached XP level 4. HP: 2/24 MP: 2/9
  1660 | D:2      | HP: 1/24 [hobgoblin (2)]
  1692 | D:2      | Reached skill level 1 in Fighting
  1709 | D:2      | Killed from afar by a dart slug

Skill      XL: |  1  2  3  4 |
---------------+-------------+-----
Dodging        | 2 |  2.2
Fighting       | 1 |  1.0
Polearms       | |  0.4
Stealth        | |  2.2
Spellcasting   | |  3.9
Conjurations   | |  1.1
Summonings     | |  0.8
Translocations | |  0.8

Action                   |  1- 3 |  4- 6 || total
-------------------------+-------+-------++-------
Melee: Whip              |    90 |       ||    90
       Spear             |    45 |    14 ||    59
 Cast: Magic Dart        |    13 |     6 ||    19
 Stab: Sleeping          |     3 |       ||     3
  Eat: Chunk             |    16 |       ||    16
Armor: Robe              |    60 |     6 ||    66
Dodge: Dodged            |   101 |     7 ||   108
